 Dungeon Crawl Stone Soup version 0.29-a0-43-g62a80824bf (webtiles) character file.

Game seed: 1510789095703407431

397 wilfster70 the Chopper (level 6, -3/56 HPs)
             Began as a Hill Orc Fighter on Feb 2, 2022.
             Was an Initiate of Beogh.
             Slain by a gnoll sergeant (4 damage)
             ... on level 4 of the Dungeon.
             The game lasted 00:06:01 (3015 turns).

wilfster70 the Chopper (Hill Orc Fighter)           Turns: 3015, Time: 00:06:01

Health: -3/56      AC: 12    Str: 21    XL:     6   Next: 83%
Magic:  6/6        EV: 10    Int:  8    God:    Beogh [......]
Gold:   166        SH:  9    Dex: 10    Spells: 5/5 levels left

rFire   . . .      SeeInvis .   a - +0 war axe
rCold   + . .      Faith    .   c - +0 buckler
rNeg    . . .      Spirit   .   o - +4 ring mail
rPois   .          Reflect  +   m - +0 helmet
rElec   .          Harm     .   (no cloak)
rCorr   .          Rampage  .   (no gloves)
Will    .....                   h - +0 pair of boots
Stlth   ..........              l - amulet of reflection
HPRegen 0.18/turn               j - ring of protection from cold
MPRegen 0.10/turn               (no ring)

@: no status effects
A: no striking features
a: Renounce Religion


You were on level 4 of the Dungeon.
You worshipped Beogh.
Beogh was noncommittal.
You visited 1 branch of the dungeon, and saw 4 of its levels.

You collected 166 gold pieces.

Inventory:

Hand Weapons
 a - a +0 war axe (weapon)
 b - a +2 whip of electrocution
 f - a +0 halberd
 n - a +0 hunting sling
Missiles
 e - 91 stones (quivered)
 g - 18 sling bullets
Armour
 c - a +0 buckler (worn)
 h - a +0 pair of boots (worn)
 i - a +0 scale mail
 m - a +0 helmet (worn)
 o - a +4 ring mail (worn)
Jewellery
 j - a ring of protection from cold (left hand)
 l - an amulet of reflection (around neck)
Scrolls
 k - a scroll of amnesia
Potions
 d - a potion of ambrosia
 p - a potion of curing {unknown}


   Skills:
 + Level 5.0 Fighting
 * Level 6.1 Axes
 + Level 4.6 Armour
 + Level 4.6 Shields
 + Level 1.0 Invocations


You had 5 spell levels left.
You didn't know any spells.
Your spell library contained the following spells:

 Spells                   Type           Power      Damage    Failure   Level
 Animate Skeleton         Necr           0%         N/A       65%         1
 Apportation              Tloc           0%         N/A       65%         1
 Pain                     Necr           0%         1d4       65%         1
 Blink                    Tloc           0%         N/A       80%         2
 Ensorcelled Hibernation  Hex/Ice        0%         N/A       80%         2
 Inner Flame              Hex/Fire       0%         N/A       95%         3
 Spider Form              Tmut/Pois      0%         N/A       95%         3
 Vampiric Draining        Necr           0%         2d6       95%         3
 Anguish                  Hex/Necr       0%         N/A       100%        4
 Cause Fear               Hex            0%         N/A       100%        4
 Alistair's Intoxication  Tmut/Pois      0%         N/A       100%        5
 Manifold Assault         Tloc           0%         N/A       100%        5
 Storm Form               Tmut/Air       0%         N/A       100%        7
 Discord                  Hex            0%         N/A       100%        8


Dungeon Overview and Level Annotations

Branches:
Dungeon (4/15)
 Temple: D:4-7

Altars:

Shops:
D:2 [


Message History

You slash the gnoll!
You kill the gnoll!
Beogh accepts your kill.
Your Invocations skill increases to level 1!
Things that are here:
a +0 flail; a gnoll corpse A gnoll sergeant comes into view.
It is wielding a +4 spear of flaming.
The gnoll sergeant shouts!
You hear a shout!
You hear an angry hiss. x2 2 gnolls come into view.
The gnoll shouts! x2
A gnoll comes into view. It is wielding a +0 flail.
An adder comes into view.
The gnoll throws a throwing net.
The throwing net hits you.
You become entangled in the net!
You see here a throwing net.
You struggle against the net.
The gnoll sergeant hits you from afar with a +4 spear of flaming.
The gnoll sergeant burns you.
You tear a large gash into the net.
The gnoll sergeant hits you from afar with a +4 spear of flaming.
The gnoll sergeant burns you.
A ball python comes into view.
You struggle against the net.
The gnoll sergeant hits you from afar with a +4 spear of flaming.
The gnoll sergeant burns you.
You shred the net and break free!
The gnoll sergeant hits you from afar with a +4 spear of flaming.
The gnoll sergeant burns you.
* * * LOW HITPOINT WARNING * * *
The gnoll hits you but does no damage.
The gnoll sergeant hits you from afar with a +4 spear of flaming.
* * * LOW HITPOINT WARNING * * *
The gnoll sergeant burns you.
* * * LOW HITPOINT WARNING * * *
The gnoll barely misses you.
There is a stone staircase leading up here.
The gnoll sergeant hits you from afar with a +4 spear of flaming!
* * * LOW HITPOINT WARNING * * *
The gnoll sergeant burns you.
You die...

#.. #####.#..........#
#.# ##..#..........#
#..#######..####.########
#....)........#.#
###<............#
#...S..........#
#...gg.........#
#...gg.S.......#
#...[..@.......#
#..............#
##.............#
##..........#.#
...#...#..###..#
..........## ###
..##..##.### ## ... ...


You could see a gnoll sergeant, 3 gnolls, an adder and a ball python.

Vanquished Creatures
  Grinder (D:3)
  Blork the orc (D:4)
  Robin (D:2)
  2 gnolls
  4 adders
  An adder skeleton (D:2)
  2 worms (D:2)
  A dart slug (D:3)
  3 orcs (D:3)
  2 ball pythons
  7 endoplasms
  4 giant cockroaches
  10 goblins
  6 hobgoblins
  A quokka (D:1)
  5 bats
  3 frilled lizards
  3 kobolds
  3 rats
60 creatures vanquished.

Notes
Turn   | Place    | Note
-------+----------+-------------------------------------------
     0 | D:1      | wilfster70 the Hill Orc Fighter began the quest for the
                  | Orb.
     0 | D:1      | Reached XP level 1. HP: 19/19 MP: 1/1
   132 | D:1      | Reached skill level 3 in Axes
   160 | D:1      | Reached XP level 2. HP: 4/27 MP: 2/2
   553 | D:1      | Found a faded altar of an unknown god.
   630 | D:1      | Reached XP level 3. HP: 25/33 MP: 3/3
  1626 | D:2      | Reached skill level 4 in Axes
  1892 | D:2      | Reached XP level 4. HP: 37/40 MP: 4/4
  1930 | D:2      | Noticed Robin
  1951 | D:2      | Killed Robin
  2100 | D:2      | Found Azeiv's Antique Armour Emporium.
  2291 | D:3      | Noticed Grinder
  2305 | D:3      | Killed Grinder
  2306 | D:3      | Reached skill level 5 in Axes
  2306 | D:3      | Reached XP level 5. HP: 20/47 MP: 5/5
  2306 | D:3      | Reached XP level 6. HP: 24/55 MP: 6/6
  2711 | D:3      | Became a worshipper of Beogh the Brigand
  2937 | D:4      | Noticed Blork the orc
  2950 | D:4      | Killed Blork the orc
  2951 | D:4      | Reached skill level 5 in Fighting
  2951 | D:4      | Reached skill level 6 in Axes
  3000 | D:4      | Reached skill level 1 in Invocations
  3015 | D:4      | HP: 1/56 [gnoll sergeant (10)]
  3015 | D:4      | Slain by a gnoll sergeant

Illustrated notes

Levels and vault maps discovered:
D:1:      evilmike_arrival_rings, layout_loops_ring,
          shapermc_ecumenical_altar_starsandcircs, minmay_misc_feat_room,
          kennysheep_decorative_pillar, serial_park_tiny_1
D:2:      wander_river, layout_basic, serial_shops, shop, uniq_robin
D:3:      layout_rooms, hangedman_decor_opposing, uniq_grinder
D:4:      layout_rooms, nicolae_overflow_hidden_temple, uniq_blork_the_orc

Skill      XL: |  1  2  3  4  5  6 |
---------------+-------------------+-----
Axes           | 3 4 5 6 |  6.1
Fighting       | 4 5 |  5.0
Armour         | 4 |  4.6
Shields        | 4 |  4.6
Invocations    | 1 |  1.0

Action                   |  1- 3 |  4- 6 || total
-------------------------+-------+-------++-------
Melee: War axe           |    96 |    97 ||   193
Invok: Convert to Beogh  |       |     1 ||     1
  Use: Scroll            |     3 |     2 ||     5
       Potion            |       |     1 ||     1
Armor: Scale mail        |    38 |    33 ||    71
       Ring mail         |       |     5 ||     5
Dodge: Dodged            |    39 |    34 ||    73
Block: Buckler           |    31 |    39 ||    70

Table legend: (Time is in decaauts)
 A = Elapsed time spent in this place.
 B = Non-inter-level travel time spent in this place.
 C = Inter-level travel time spent in this place.
 D = Time resting spent in this place.
 E = Time spent auto-exploring this place.
 F = Levels seen in this place.
 G = Mean time per level.
                   A        B        C        D        E       F      G
               +--------+--------+--------+--------+--------+-----+--------+
         Total |   3107 |   2972 |    135 |    714 |   1317 |   4 |  776.8 |
       Dungeon |   3107 |   2972 |    135 |    714 |   1317 |   4 |  776.8 |
               +--------+--------+--------+--------+--------+-----+--------+

Top non-repeatable levels by time:
     D:2: 1258 daAuts
     D:1: 1107 daAuts
     D:3: 658 daAuts
     D:4: 82 daAuts
